 Dungeon Crawl Stone Soup version 0.22.0-60-ga52c2fc (webtiles) character file.

267522 bogdani the Hoplite (level 20, 0/182 HPs)
             Began as a Hill Orc Fighter on Sept 9, 2018.
             Was a High Priest of Cheibriados.
             Shot with an arrow by a deep elf master archer (11 damage)
             ... on level 3 of the Elven Halls on Sept 10, 2018.
             The game lasted 05:38:07 (49981 turns).

bogdani the Hoplite (Hill Orc Fighter)             Turns: 49981, Time: 05:38:07

Health: 0/182      AC: 32    Str: 41    XL:     20   Next: 53%
Magic:  0/10       EV: 17    Int: 19    God:    Cheibriados [*****.]
Gold:   2236       SH:  0    Dex: 23    Spells: 19/19 levels left

rFire    + + .     SeeInvis .   D - +2 halberd (antimagic)
rCold    . . .     Gourm    .   (shield currently unavailable)
rNeg     . . .     Faith    .   w - +6 plate armour {rF+}
rPois    .         Spirit   +   r - +2 helmet
rElec    +         Reflect  .   z - scarf {Spirit}
rCorr    .         Harm     +   B - +2 pair of gloves
MR       ++...                  H - +0 pair of boots "Hiodiyts" {rElec MR+ Int-2}
Stlth    ..........             W - amulet of harm
HPRegen  0.40/turn              R - ring of Phasing {EV+8}
MPRegen  0.12/turn              X - ring of protection from fire

@: about to teleport, very slow
A: no striking features
}: 1/15 runes: gossamer
a: Bend Time, Temporal Distortion, Slouch, Step From Time, Renounce Religion


You were on level 3 of the Elven Halls.
You worshipped Cheibriados.
Cheibriados was extremely pleased with you.
You were not hungry.

You visited 7 branches of the dungeon, and saw 33 of its levels.
You visited 1 bazaar.
You also visited: Sewer.

You collected 3353 gold pieces.
You spent 1117 gold pieces at shops.

Inventory:

Hand Weapons
 a - the +8 whip "Snakebite" {curare, rPois}
   (You found it on level 3 of the Lair of Beasts)

   It poisons the flesh of those it strikes.
   It protects you from poison.
 b - a +0 fustibalus
 n - a +9 spear of flaming
 D - a +2 antimagic halberd (weapon)
 J - the +6 spear of Forgiveness {pierce, Str+2}
   (You found it on level 6 of the Dungeon)

   It inflicts extra damage upon your enemies.
   It affects your strength (+2).
 N - a +1 battleaxe of freezing
Missiles
 v - 82 sling bullets
Armour
 c - a +0 shield
 l - the +1 fire dragon scales of the Dwarven Hall {rF++ rC- Int+5 Stlth+}
   (You found it on level 2 of the Orcish Mines)

   It affects your intelligence (+5).
   It greatly protects you from fire.
   It makes you vulnerable to cold.
   It makes you more stealthy.
 r - a +2 helmet (worn)
 w - a +6 plate armour of fire resistance (worn)
 z - a scarf of spirit shield (worn)
 B - a +2 pair of gloves (worn)
 F - a +1 leather armour of cold resistance
 H - the +0 pair of boots "Hiodiyts" (worn) {rElec MR+ Int-2}
   (You bought it in a shop on level 2 of the Orcish Mines)

   It affects your intelligence (-2).
   It insulates you from electricity.
   It affects your resistance to hostile enchantments.
Jewellery
 h - an uncursed ring of see invisible
 i - an uncursed ring of poison resistance
 j - a +6 amulet of reflection {unknown}
 y - an uncursed ring of resist corrosion
 E - an uncursed ring of stealth {unknown}
 R - the ring of Phasing (left hand) {EV+8}
   (You found it on level 6 of the Lair of Beasts)

   [ring of evasion]

   It affects your evasion (+8).
 W - an amulet of harm (around neck)
 X - a ring of protection from fire (right hand)
Wands
 d - a wand of disintegration (11)
 g - a wand of flame (77)
 q - a wand of iceblast (11)
 x - a wand of enslavement (8)
 Q - a wand of polymorph (26)
 S - a wand of acid (15)
 U - a wand of paralysis (17)
 Z - a wand of digging (21)
Scrolls
 e - 8 scrolls of teleportation
 k - 7 scrolls of immolation
 o - 11 scrolls of remove curse
 I - 8 scrolls of identify
 L - 2 scrolls of vulnerability
 Y - 2 scrolls of torment
Potions
 p - a potion of resistance
 u - a potion of agility
 A - a potion of curing
 G - 2 potions of mutation
 K - 3 potions of flight
 O - 3 potions of lignification
 P - 7 potions of ambrosia
 T - a potion of cancellation
 V - a potion of brilliance
Miscellaneous
 t - a box of beasts
Comestibles
 f - 35 rations


   Skills:
 * Level 16.6 Fighting
 + Level 7.6(12.1) Axes
 - Level 1.0(4.0) Maces & Flails
 + Level 12.6(13.1) Polearms
 + Level 4.7 Slings
 * Level 16.5 Armour
 * Level 21.6 Shields
 + Level 0.6 Unarmed Combat
 * Level 16.4 Invocations
 * Level 10.3 Evocations


You had 19 spell levels left.
You didn't know any spells.
Your spell library contained the following spells:

 Spells                   Type           Power        Failure   Level  Hunger
 Animate Skeleton         Necr           N/A          56%         1    ##.....
 Apportation              Tloc           #.....       56%         1    ##.....
 Beastly Appendage        Tmut           #.....       56%         1    ##.....
 Confusing Touch          Hex            #.....       56%         1    ##.....
 Corona                   Hex            #......      56%         1    ##.....
 Magic Dart               Conj           #...         56%         1    ##.....
 Pain                     Necr           #...         56%         1    ##.....
 Shock                    Conj/Air       #...         56%         1    ##.....
 Summon Small Mammal      Summ           #...         56%         1    ##.....
 Blink                    Tloc           N/A          71%         2    ###....
 Call Imp                 Summ           #.......     71%         2    ###....
 Ensorcelled Hibernation  Hex/Ice        #.....       71%         2    ###....
 Slow                     Hex            #.......     71%         2    ###....
 Sticks to Snakes         Tmut           #.......     71%         2    ###....
 Sublimation of Blood     Necr           #.........   71%         2    ###....
 Swiftness                Chrm/Air       #.......     71%         2    ###....
 Confuse                  Hex            #.......     90%         3    ####...
 Conjure Flame            Conj/Fire      #.......     90%         3    ####...
 Dazzling Spray           Conj/Hex       #.....       90%         3    ####...
 Mephitic Cloud           Conj/Pois/Air  #.......     90%         3    ####...
 Regeneration             Chrm/Necr      #.........   90%         3    ####...
 Spider Form              Tmut/Pois      #.........   90%         3    ####...
 Static Discharge         Conj/Air       #.......     90%         3    ####...
 Tukima's Dance           Hex            #.......     90%         3    ####...
 Vampiric Draining        Necr           #.........   90%         3    ####...
 Airstrike                Air            #.........   100%        4    #####..
 Animate Dead             Necr           N/A          100%        4    #####..
 Ice Form                 Ice/Tmut       #.......     100%        4    #####..
 Agony                    Necr           #.......     100%        5    ######.
 Blade Hands              Tmut           #.........   100%        5    ######.
 Lightning Bolt           Conj/Air       #.........   100%        5    ######.


Dungeon Overview and Level Annotations

Branches:
Dungeon (15/15)            Temple (0/1) D:6            Lair (6/6) D:11
 Shoals (0/4) Lair:2       Spider (4/4) Lair:4        Slime (1/5) Lair:6
    Orc (2/2) D:11            Elf (3/3) Orc:2        Vaults (0/5) D:13
 Depths (2/5) D:15

Altars:
Ashenzari
Cheibriados
Dithmenos
Gozag
Nemelex Xobeh
Okawaru
Qazlal
Trog
Uskayaw
Vehumet
Beogh
Jiyva

Shops:
D:15 *   Orc:2 *?*[   Elf:1 [

Portals:
Hell: Depths:1
Abyss: Depths:1

Annotations:
Elf:3 3 runed doors, PeterLawrence's ghost, adept MiFi


Message History

Okay, then.
As you read the scroll of fog, it crumbles to dust.
The scroll dissolves into smoke.
The deep elf master archer shoots an arrow.
The arrow barely misses you.
The deep elf sorcerer casts a spell.
The deep elf sorcerer seems to speed up.
The deep elf master archer shoots an arrow.
The arrow hits you!
* * * LOW HITPOINT WARNING * * *
The deep elf master archer shoots an arrow.
The arrow hits you but does no damage.
You see here 4 arrows.
As you read the scroll of teleportation, it crumbles to dust.
You feel strangely unstable.
The deep elf annihilator mumbles some strange words.
The deep elf annihilator blinks!
The deep elf master archer shoots an arrow.
The arrow hits you!
You die... ...).)....... #. .....).)..e #. ..e.e.... #. e.§e.). #. .e)§. #### ex§

#... #§# ###. #e# #.
#@# #. #§# #. #§# ##
#§# #####§###########
#............##.#
#...............#
#..........####.######
#..........####.##....


You could see a deep elf master archer.

Vanquished Creatures
  A deep elf master archer (Elf:3)
  2 deep elf blademasters (Elf:3)
  An acid blob (Slime:1)
  Gastronok (D:9)
  2 azure jellies (Lair:6)
  3 ghost moths
  A deep elf sorcerer (Elf:3)
  A frost giant (Depths:1)
  2 fire giants
  An orc warlord (Orc:2)
  7 emperor scorpions
  7 deep elf elementalists (Elf:3)
  8 stone giants
  3 very ugly things (Depths:2)
  3 deep elf demonologists (Elf:3)
  6 entropy weavers
  Azrael (D:13)
  2 deep elf annihilators (Elf:3)
  4 spark wasps
  Snorg (Lair:4)
  3 deep elf death magi
  3 ettins
  3 deep elf high priests (Elf:3)
  A yaktaur captain (Depths:2)
  A great orb of eyes (Depths:1)
  3 rakshasas
  Fannar (Orc:1)
  Josephine (D:13)
  12 hydras
  2 vault guards (D:13)
  6 centaur warriors
  6 death yaks (Lair:2)
  The ghost of Ymberto the Grappler, a novice NaTm of Okawaru (D:10)
  12 two-headed ogres
  An ogre mage (D:15)
  8 death scarabs (Spider:4)
  35 dancing weapons
  A vampire mage (Depths:1)
  A tengu warrior (Depths:1)
  Urug (D:13)
  5 orc high priests (Orc:2)
  18 deep elf knights
  Sonja (D:13)
  2 glowing orange brains
  12 skeletal warriors
  3 wizards
  An obsidian statue (Spider:3)
  6 unseen horrors
  16 deep elf archers
  3 spectral wolf spiders (Spider:4)
  Pikel (D:4)
  4 orc knights (Orc:2)
  43 deep elf magi
  33 wolf spiders
  5 necromancers
  27 orb spiders
  7 orc sorcerers
  An oklob plant (Lair:6)
  3 wolf spider zombies (Spider:4)
  16 ugly things
  4 manticores
  4 cyclopes
  A moth of wrath (Spider:4)
  6 elephants
  5 black mambas
  4 torpor snails
  Joseph (D:8)
  Psyche (D:12)
  A smoke demon (Depths:1)
  A gargoyle (D:14)
  2 spectral redbacks (Spider:4)
  9 spiny frogs
  2 kobold demonologists
  9 rime drakes
  11 yaktaurs
  6 komodo dragons
  3 efreet
  19 demonic crawlers
  A tengu conjurer (Depths:1)
  30 jumping spiders
  17 hornets
  3 meliai (D:14)
  8 polar bears
  5 spectral jumping spiders (Spider:4)
  6 trolls
  7 blink frogs (Lair:4)
  4 spectral tarantellas (Spider:4)
  19 hippogriffs
  4 tarantella zombies (Spider:4)
  7 slime creatures
  5 air elementals
  43 tarantellas
  7 wraiths
  57 redbacks
  16 spriggans (Lair:6)
  6 water elementals
  8 wyverns
  2 shadows
  40 yaks
  18 humans (D:13)
  4 fire elementals
  8 basilisks
  3 steam dragons
  9 vampire mosquitoes
  2 insubstantial wisps (Lair:3)
  3 wargs
  A soldier ant (D:9)
  23 water moccasins
  An acid dragon (D:15)
  6 hell hounds
  4 porcupines
  37 orc warriors
  5 sky beasts
  A swamp drake (Lair:3)
  2 spectral hornets (Spider:4)
  6 black bears
  3 hornet zombies (Spider:4)
  7 ice beasts
  An eye of draining (D:14)
  2 phantoms
  22 ogres
  2 eyes of draining (shapeshifter)
  22 wolves
  A necrophage (D:9)
  3 boggarts (Lair:6)
  7 centaurs
  15 crocodiles
  A big kobold (shapeshifter) (Depths:1)
  2 elf zombies (Elf:1)
  5 big kobolds
  2 gnoll sergeants
  13 bullfrogs
  An earth elemental (Elf:3)
  7 scorpions
  A wyvern skeleton (D:12)
  A wight (D:9)
  6 howler monkeys
  2 electric eels
  7 crimson imps
  5 centaur zombies
  3 quasits
  4 jellies
  18 orc wizards
  A bullfrog zombie (D:11)
  6 centaur skeletons
  23 orc priests
  15 hounds
  4 iguanas
  13 worker ants
  A killer bee zombie (D:8)
  A hound zombie (D:7)
  3 worker ant zombies
  8 gnolls
  13 adders
  2 shadow imps
  2 adder skeletons
  5 worms
  3 dart slugs
  4 leopard geckos
  104 orcs
  5 ball pythons (Sewer)
  6 giant cockroaches
  7 goblins
  6 hobgoblins
  14 jackals
  5 quokkas
  6 bats
  13 frilled lizards
  A jackal skeleton (D:7)
  41 kobolds
  A quokka skeleton (D:6)
  7 rats
  2 crawling corpses (Elf:3)
  10 plants (Sewer)
1378 creatures vanquished.

Vanquished Creatures (collateral kills)
  4 yaktaurs (Depths:1)
  A hellwing (Depths:1)
  A red devil (Depths:1)
6 creatures vanquished.

Vanquished Creatures (others)
  2 water elementals (Elf:1)
  An air elemental (Elf:1)
  An orc wizard (Orc:2)
  A howler monkey skeleton (D:4)
  An adder skeleton (D:4)
  9 fungi
  14 plants
29 creatures vanquished.

Grand Total: 1413 creatures vanquished

Notes
Turn   | Place    | Note
-------+----------+-------------------------------------------
     0 | D:1      | bogdani the Hill Orc Fighter began the quest for the Orb.
     0 | D:1      | Reached XP level 1. HP: 19/19 MP: 1/1
     0 | D:1      | Found a stormy altar of Qazlal.
   303 | D:1      | Reached XP level 2. HP: 27/27 MP: 2/2
   622 | D:2      | Found a snail-covered altar of Cheibriados.
   663 | D:2      | Reached XP level 3. HP: 25/33 MP: 3/3
   779 | D:2      | Became a worshipper of Cheibriados the Contemplative
  1026 | D:2      | Found a stormy altar of Qazlal.
  1118 | D:2      | Reached * piety under Cheibriados
  1273 | D:3      | Reached XP level 4. HP: 29/40 MP: 4/4
  1402 | D:3      | Reached skill level 4 in Shields
  1464 | D:3      | Found a hide-covered altar of Uskayaw.
  1573 | D:3      | Reached skill level 1 in Invocations
  1893 | D:3      | Reached XP level 5. HP: 46/46 MP: 5/5
  1896 | D:3      | Reached ** piety under Cheibriados
  2415 | D:4      | Noticed a slave
  2415 | D:4      | Noticed a slave
  2416 | D:4      | Noticed Pikel
  2423 | D:4      | Noticed a slave
  2430 | D:4      | Killed Pikel
  2430 | D:4      | Reached skill level 5 in Fighting
  2430 | D:4      | Reached skill level 5 in Axes
  2430 | D:4      | Reached skill level 5 in Armour
  2430 | D:4      | Reached skill level 5 in Shields
  2430 | D:4      | Reached XP level 6. HP: 24/56 MP: 6/8
  2430 | D:4      | Reached XP level 7. HP: 26/61 MP: 6/9
  3133 | D:4      | Reached skill level 6 in Shields
  3133 | D:4      | Reached XP level 8. HP: 63/68 MP: 10/10
  3567 | D:5      | Entered Level 5 of the Dungeon
  4426 | D:6      | Reached *** piety under Cheibriados
  4428 | D:6      | Found a glowing drain.
  4439 | Sewer    | Entered a sewer
  5438 | D:6      | Reached skill level 1 in Polearms
  5438 | D:6      | Reached skill level 7 in Shields
  5438 | D:6      | Reached skill level 5 in Invocations
  5438 | D:6      | Reached XP level 9. HP: 73/75 MP: 12/12
  5610 | D:6      | Reached **** piety under Cheibriados
  6105 | D:6      | Found a staircase to the Ecumenical Temple.
  6423 | D:6      | Got a brightly glowing spear
  6424 | D:6      | Identified the +6 spear of Forgiveness {pierce, Str+2} (You
                  | found it on level 6 of the Dungeon)
  6561 | D:6      | Found a sparkling altar of Nemelex Xobeh.
  6561 | D:6      | Found an opulent altar of Gozag.
  6692 | D:7      | Reached skill level 8 in Shields
  6818 | D:7      | Got an ichor-stained ring mail
  6829 | D:7      | Identified the cursed +1 ring mail "Sozxulea" {rN+ Str+3
                  | Int-2} (You found it on level 7 of the Dungeon)
  7371 | D:8      | Found a shadowy altar of Dithmenos.
  7393 | D:8      | Noticed a two-headed ogre
  7405 | D:8      | Killed a two-headed ogre
  7405 | D:8      | Reached skill level 9 in Shields
  7405 | D:8      | Reached XP level 10. HP: 64/86 MP: 11/14
  7432 | D:8      | Reached skill level 5 in Polearms
  7555 | D:8      | Reached ***** piety under Cheibriados
  7726 | D:8      | Noticed Joseph
  7742 | D:8      | Killed Joseph
  8178 | D:8      | Found a bloodstained altar of Trog.
  8396 | D:9      | Found a shattered altar of Ashenzari.
  8435 | D:9      | Reached skill level 10 in Shields
  8694 | D:9      | Reached XP level 11. HP: 77/94 MP: 16/16
  8843 | D:9      | Noticed Gastronok
  8874 | D:9      | Killed Gastronok
  9251 | D:9      | Noticed a two-headed ogre
  9299 | D:9      | Noticed a two-headed ogre
  9310 | D:9      | Killed a two-headed ogre
  9332 | D:9      | Killed a two-headed ogre
  9340 | D:9      | Reached skill level 11 in Shields
  9384 | D:9      | Reached ****** piety under Cheibriados
  9815 | D:9      | Noticed a two-headed ogre
  9825 | D:9      | Killed a two-headed ogre
  9956 | D:10     | Entered Level 10 of the Dungeon
 10201 | D:10     | Noticed an unseen horror
 10212 | D:10     | Killed an unseen horror
 10212 | D:10     | Reached XP level 12. HP: 102/105 MP: 13/18
 10991 | D:10     | Found a runed gate.
 10992 | D:10     | Found an opulent altar of Gozag.
 10993 | D:10     | Found a runed gate.
 10993 | D:10     | Found a runed gate.
 10993 | D:10     | Noticed Ymberto's ghost (novice NaTm)
 11002 | D:10     | Reached skill level 12 in Shields
 11013 | D:10     | Killed Ymberto's ghost
 11159 | D:11     | Noticed a two-headed ogre
 11174 | D:11     | Killed a two-headed ogre
 11340 | D:11     | Found a staircase to the Lair.
 11401 | D:11     | Reached skill level 10 in Fighting
 11523 | D:11     | Noticed an eight-headed hydra
 11528 | D:11     | Killed an eight-headed hydra
 11600 | D:11     | Reached skill level 10 in Armour
 11653 | D:11     | Found a staircase to the Orcish Mines.
 11763 | D:11     | Reached skill level 13 in Shields
 12110 | D:12     | Noticed a centaur warrior
 12122 | D:12     | Killed a centaur warrior
 12134 | D:12     | Reached XP level 13. HP: 31/114 MP: 2/20
 12449 | D:12     | Reached skill level 10 in Polearms
 12449 | D:12     | Reached skill level 10 in Invocations
 12765 | D:12     | Found a radiant altar of Vehumet.
 12792 | D:12     | Noticed Psyche
 12803 | D:12     | Killed Psyche
 13876 | D:13     | Noticed Sonja
 13908 | D:13     | Killed Sonja
 14060 | D:13     | Reached skill level 1 in Maces & Flails
 14122 | D:13     | Noticed Josephine
 14135 | D:13     | Killed Josephine
 14135 | D:13     | Reached skill level 1 in Slings
 14142 | D:13     | Reached skill level 1 in Evocations
 14473 | D:13     | Reached skill level 14 in Shields
 14486 | D:13     | Noticed Azrael
 14495 | D:13     | Killed Azrael
 14724 | D:13     | Noticed Urug
 14739 | D:13     | Killed Urug
 14993 | D:13     | Found a gate to the Vaults.
 14993 | D:13     | Noticed a vault guard
 14993 | D:13     | Noticed a vault guard
 14995 | D:13     | Reached XP level 14. HP: 124/124 MP: 16/22
 16146 | D:14     | Found a gateway to a bazaar.
 16182 | Bazaar   | Entered a bazaar
 16182 | Bazaar   | Found Qusu Zim's Jewellery Emporium.
 16182 | Bazaar   | Found Fofyirgh's Magic Scroll Shoppe.
 16182 | Bazaar   | Found Olasuol's Assorted Antiques.
 16182 | Bazaar   | Found Tuts's Antique Armour Emporium.
 16182 | Bazaar   | Found Mueheud's Book Shoppe.
 16192 | Bazaar   | Bought a scroll of enchant armour for 157 gold pieces
 16202 | Bazaar   | Bought a glowing plate armour for 572 gold pieces
 16550 | D:14     | Reached skill level 15 in Shields
 16842 | D:15     | Entered Level 15 of the Dungeon
 17751 | D:15     | Reached XP level 15. HP: 134/134 MP: 20/24
 17756 | D:15     | Found a staircase to the Depths.
 18082 | D:15     | Reached skill level 5 in Evocations
 18238 | D:15     | Found Xiulup's Assorted Antiques.
 18974 | Orc:1    | Entered Level 1 of the Orcish Mines
 18990 | Orc:1    | Noticed Fannar
 19017 | Orc:1    | Killed Fannar
 19401 | Orc:2    | Entered Level 2 of the Orcish Mines
 19713 | Orc:2    | Found a roughly hewn altar of Beogh.
 19912 | Orc:2    | Found Lunnifeu's General Store.
 19950 | Orc:2    | Found Wumo's Magic Scroll Shoppe.
 19974 | Orc:2    | Bought a scroll of enchant weapon for 75 gold pieces
 20184 | Orc:2    | Reached skill level 16 in Shields
 20534 | Orc:2    | Got bronze fire dragon scales
 20545 | Orc:2    | Identified the +1 fire dragon scales of the Dwarven Hall
                  | {rF++ rC- Int+5 Stlth+} (You found it on level 2 of the
                  | Orcish Mines)
 20760 | Orc:2    | Found a staircase to the Elven Halls.
 20877 | Orc:2    | Noticed an orc warlord
 20884 | Orc:2    | Found a roughly hewn altar of Beogh.
 20924 | Orc:2    | Killed an orc warlord
 21651 | Orc:2    | Found Ysihut's Antique Armour Boutique.
 22216 | Orc:2    | Found Etoefig's Assorted Antiques.
 22225 | Orc:2    | Bought a pair of translucent boots for 313 gold pieces
 22235 | Orc:2    | Identified the +0 pair of boots "Hiodiyts" {rElec MR+
                  | Int-2} (You bought it in a shop on level 2 of the Orcish
                  | Mines)
 22556 | Lair:1   | Entered Level 1 of the Lair of Beasts
 22939 | Lair:1   | Reached XP level 16. HP: 138/144 MP: 25/25
 23450 | Lair:2   | Found a staircase to the Shoals.
 24954 | Lair:3   | Found the +8 whip "Snakebite" {curare, rPois}
 25712 | Lair:4   | Found a hole to the Spider Nest.
 25867 | Lair:4   | Identified a scroll of acquirement
 25917 | Lair:4   | Noticed Snorg
 25925 | Lair:4   | Killed Snorg
 26956 | Lair:6   | Entered Level 6 of the Lair of Beasts
 27005 | Lair:6   | Reached skill level 17 in Shields
 27540 | Lair:6   | Found a runed door.
 27542 | Lair:6   | Found a viscous altar of Jiyva.
 27543 | Lair:6   | Found a staircase to the Slime Pits.
 27543 | Lair:6   | Noticed an azure jelly
 27731 | Lair:6   | Noticed an azure jelly
 28157 | Lair:6   | Found the ring of Phasing {EV+8}
 29093 | Lair:6   | Killed an azure jelly
 29101 | Lair:6   | Killed an azure jelly
 29317 | Spider:1 | Entered Level 1 of the Spider Nest
 29342 | Spider:1 | Reached XP level 17. HP: 125/152 MP: 27/27
 29808 | Spider:1 | Reached skill level 18 in Shields
 34007 | Spider:3 | Reached skill level 19 in Shields
 34681 | Spider:2 | Reached XP level 18. HP: 33/162 MP: 25/28
 35922 | Spider:3 | Reached skill level 15 in Fighting
 37171 | Spider:4 | Entered Level 4 of the Spider Nest
 38011 | Spider:4 | Reached skill level 15 in Armour
 39647 | Spider:4 | Reached skill level 15 in Invocations
 39653 | Spider:4 | Reached skill level 20 in Shields
 39800 | Spider:4 | Got a gossamer rune of Zot
 40161 | Slime:1  | Entered Level 1 of the Pits of Slime
 40659 | Depths:1 | Entered Level 1 of the Depths
 41054 | Depths:1 | Reached XP level 19. HP: 109/170 MP: 30/30
 42480 | Depths:1 | Found a one-way gate to the infinite horrors of the Abyss.
 43434 | Depths:1 | Found a gateway to Hell.
 44141 | Depths:2 | HP: 7/172 [disintegration (10)]
 44159 | Depths:2 | HP: 3/172 [stone giant/large rock[a glowing orange brain]
                  | (12)]
 44929 | Elf:1    | Entered Level 1 of the Elven Halls
 45392 | Elf:1    | Found Lymamy's Armour Shop.
 46587 | Elf:1    | Identified the Catalogue of Dark Rituals
 47163 | Elf:2    | Reached skill level 21 in Shields
 47852 | Elf:2    | Found a huge runed gate.
 47852 | Elf:2    | Found a huge runed gate.
 47852 | Elf:2    | Found a huge runed gate.
 47853 | Elf:2    | Found a huge runed gate.
 47855 | Elf:2    | Found a huge runed gate.
 48223 | Elf:2    | Reached XP level 20. HP: 181/181 MP: 32/32
 48523 | Elf:2    | Reached skill level 10 in Evocations
 49315 | Elf:3    | Entered Level 3 of the Elven Halls
 49392 | Elf:3    | Found a runed gate.
 49392 | Elf:3    | Found a runed gate.
 49393 | Elf:3    | Found a runed gate.
 49396 | Elf:3    | Found an iron altar of Okawaru.
 49396 | Elf:3    | Noticed PeterLawrence's ghost (adept MiFi)
 49981 | Elf:3    | Shot with an arrow by a deep elf master archer

Skill      XL: |  1  2  3  4  5  6  7  8  9 10 11 12 13 14 15 16 17 18 19 20 |
---------------+-------------------------------------------------------------+-----
Fighting       | 4 5 6 7 8 9 10 11 12 13 14 15 16 | 16.6
Axes           | 3 4 5 6 7 |  7.6
Shields        | 4 5 6 7 9 10 11 13 14 15 16 17 19 20 21 | 21.6
Invocations    | 1 3 5 6 7 8 9 11 12 13 14 15 16 | 16.4
Armour         | 5 6 7 8 9 10 11 12 13 14 15 16 | 16.5
Polearms       | 1 4 6 8 9 10 11 12 | 12.6
Maces & Flails | 1 |  1.0
Slings         | 2 4 |  4.7
Evocations     | 2 4 6 7 8 9 10 | 10.3
Unarmed Combat | |  0.6

Action                   |  1- 3 |  4- 6 |  7- 9 | 10-12 | 13-15 | 16-18 | 19-21 || total
-------------------------+-------+-------+-------+-------+-------+-------+-------++-------
Melee: War axe           |   160 |   116 |   141 |       |       |       |       ||   417
       Spear             |       |       |   517 |   730 |  1396 |   463 |   368 ||  3474
       Unarmed           |       |       |       |     3 |       |       |       ||     3
       Morningstar       |       |       |       |       |    79 |    25 |       ||   104
       Whip              |       |       |       |       |       |  1437 |   693 ||  2130
       Halberd           |       |       |       |       |       |       |    39 ||    39
 Fire: Fustibalus        |       |       |       |       |    22 |   195 |    29 ||   246
Throw: Tomahawk          |       |       |       |     1 |     1 |       |       ||     2
Invok: Bend Time         |       |       |     6 |     4 |    31 |    10 |     7 ||    58
       Slouch            |       |       |       |     3 |    10 |    14 |    10 ||    37
       Temporal Distorti |       |       |       |       |     2 |       |     1 ||     3
       Step From Time    |       |       |       |       |     1 |       |       ||     1
Evoke: Wand              |       |       |       |       |     8 |     5 |     3 ||    16
       Box of beasts     |       |       |       |       |       |       |     2 ||     2
  Use: Scroll            |       |     6 |     6 |     9 |    15 |    17 |    15 ||    68
       Potion            |       |     1 |     1 |     2 |    11 |     9 |     6 ||    30
 Stab: Distracted        |       |       |       |     1 |     2 |       |       ||     3
       Invisible         |       |       |       |     1 |       |       |       ||     1
       Sleeping          |       |       |       |     1 |       |       |       ||     1
  Eat: Chunk             |     1 |       |     4 |     3 |     6 |     1 |       ||    15
       Ration            |       |     1 |     1 |     2 |     5 |    10 |     5 ||    24
Armor: Scale mail        |    87 |    73 |   104 |       |       |       |       ||   264
       Skin              |       |       |     8 |       |       |       |       ||     8
       Chain mail        |       |       |    51 |       |       |       |       ||    51
       Ring mail         |       |       |     6 |   142 |    55 |    25 |       ||   228
       Plate armour      |       |       |       |       |   269 |  1292 |   285 ||  1846
       Leather armour    |       |       |       |       |       |    13 |       ||    13
Dodge: Dodged            |    51 |    34 |   113 |   151 |   172 |   678 |   301 ||  1500
Block: Shield            |    87 |    91 |   245 |   460 |   617 |  2116 |   725 ||  4341
